 Dungeon Crawl Stone Soup version 0.32-a0-391-gce5c0aab1b (webtiles) character file.

Game seed: 18240670354567718381

52 SlaveLabor the Cudgeller (level 3, -11/33 HPs)
             Began as a Mountain Dwarf Fighter on Feb 19, 2024.
             Mangled by an ogre
             ... wielding a +0 giant club
              (18 damage)
             ... on level 2 of the Dungeon.
             The game lasted 00:01:54 (1211 turns).

SlaveLabor the Cudgeller (Mountain Dwarf Fighter)   Turns: 1211, Time: 00:01:54

Health: -11/33     AC: 11    Str: 24    XL:     3   Next: 60%
Magic:  3/3        EV:  9    Int: 10    God:
Gold:   46         SH:  4    Dex:  9    Spells: 2/2 levels left

rFire   . . .        a - +0 flail
rCold   + . .        c - +0 buckler
rNeg    . . .        b - +0 scale mail
rPois   .            (no helmet)
rElec   .            k - +2 cloak
rCorr   .            n - +0 pair of gloves
SInv    .            (no boots)
Will    .....        (no amulet) Stlth
                     g - +6 ring of strength
HPRegen 0.25/turn    q - ring of protection from cold
MPRegen 0.08/turn

%: no passive effects
@: hasted, very quick
A: runic magic, artefact enchanting
a: no special abilities


You were on level 2 of the Dungeon.
You visited 1 branch of the dungeon, and saw 2 of its levels.

You collected 46 gold pieces.

Inventory:

Hand Weapons
 a - a +0 flail (weapon)
Armour
 b - a +0 scale mail (worn)
 c - a +0 buckler (worn)
 k - a +2 cloak (worn)
 n - a +0 pair of gloves (worn)
Jewellery
 g - a +6 ring of strength (left hand)
 q - a ring of protection from cold (right hand)
Scrolls
 e - 2 scrolls of identify {unknown}
 f - 2 scrolls of poison {unknown}
 i - a scroll of noise {unknown}
 j - a scroll of immolation
 m - a scroll of teleportation {unknown}
 o - 2 scrolls of fog {unknown}
Potions
 d - a potion of might
 h - 2 potions of haste
 l - a potion of brilliance {unknown}
 p - a potion of heal wounds {unknown}


   Skills:
 + Level 3.8 Fighting
 * Level 3.9 Maces & Flails
 - Level 3.2 Armour
 + Level 3.7 Shields


You had 2 spell levels left.
You didn't know any spells.
Your spell library was empty.

Dungeon Overview and Level Annotations

Branches:
Dungeon (2/15)

Altars:


Innate Abilities, Weirdness & Mutations

Your spellcasting is much less encumbered by armour.
You can use scrolls of enchantment on lesser artefacts.


Message History

No target in view!
You see here a frilled lizard corpse.
Found a stone staircase leading down.
Key pressed, stopping explore.
You open the door.
A rat, an ogre and a ball python come into view.
The rat squeaks loudly.
You barely miss the rat. The rat bites you but does no damage.
You sock the rat!
You kill the rat!
You completely miss the ball python. You block the ball python's attack.
The ball python closely misses you.
The ball python bites you but does no damage.
The ball python grabs you. The ball python constricts you.
You hit the ball python.
The ball python is heavily wounded.
The ball python bites you but does no damage.
The ball python constricts you.
You closely miss the ball python.
The ball python is heavily wounded.
The ball python bites you but does no damage.
The ball python constricts you.
The ball python bites you but does no damage.
The ball python constricts you.
You sock the ball python!
You kill the ball python!
You hit the ogre.
The ogre is lightly wounded.
The ogre hits you with a +0 giant club.
You take 3 damage, and have 30/33 hp.
You thump the ogre!
The ogre is moderately wounded.
The ogre hits you with a +0 giant club!!
Ouch! That really hurt!
* * * LOW HITPOINT WARNING * * *
You take 24 damage, and have 6/33 hp.
It was a potion of haste.
You feel yourself speed up.
The ogre hits you with a +0 giant club!!
Ouch! That really hurt!
You die...

.....# ###..##
.....######
##..#########
.....##...#
####...........
.....##...#
###....##.#######
.....##...#
#......+.......#
..†..##...#
#.#....##.####.#
.....##...#
#.#....##.#
..........#
#.#....##.#
..........####
#@#....##>.
.............#
#O#....####
.#####.#####.#
#.###### .#
#.#<..#.# #.# .#
#.###.#.# #†# .#
#.....#.# ... .#
#...###.##.... ..
+...'...##..... .
#...######.....#


You could see an ogre.

Vanquished Creatures
  9 endoplasms
  A giant cockroach (D:1)
  5 goblins
  2 hobgoblins (D:1)
  4 ball pythons
  2 bats
  A frilled lizard (D:2)
  A kobold (D:1)
  3 rats
28 creatures vanquished.

Notes
Turn   | Place    | Note
-------+----------+-------------------------------------------
     0 | D:1      | SlaveLabor the Mountain Dwarf Fighter began the quest for
                  | the Orb.
     0 | D:1      | Reached XP level 1. HP: 19/19 MP: 1/1
    95 | D:1      | Reached XP level 2. HP: 17/26 MP: 2/2
   442 | D:1      | Found a faded altar of an unknown god.
   445 | D:1      | Reached XP level 3. HP: 33/33 MP: 3/3
  1199 | D:2      | Noticed an ogre
  1211 | D:2      | Mangled by an ogre

Illustrated notes

Levels and vault maps discovered:
D:1:      giann_forest_graveyard, layout_basic, serial_forest,
          infiniplex_forest_lined_ring, infiniplex_forest_straight_2,
          infiniplex_forest_clump_C, infiniplex_forest_end_2,
          infiniplex_forest_lined_2, infiniplex_forest_lined_4_way,
          infiniplex_forest_lined_room_2, infiniplex_forest_clump_diagonal,
          hellmonk_ecumenical_altar_blasted
D:2:      layout_basic

Skill      XL: |  1 |
---------------+----+-----
Maces & Flails | 3 |  3.9
Fighting       | |  3.8
Armour         | |  3.2
Shields        | |  3.7

Action                     || total
---------------------------++-------
  Melee: Flail             ||    73
    Use: Potion            ||     1
 Armour: Scale mail        ||    41
  Dodge: Dodged            ||    20
  Block: Buckler           ||    16

Table legend: (Time is in decaauts)
 A = Elapsed time spent in this place.
 B = Non-inter-level travel time spent in this place.
 C = Inter-level travel time spent in this place.
 D = Time resting spent in this place.
 E = Time spent auto-exploring this place.
 F = Levels seen in this place.
 G = Mean time per level.
                   A        B        C        D        E       F      G
               +--------+--------+--------+--------+--------+-----+--------+
         Total |   1228 |   1166 |     62 |      0 |    971 |   2 |  614.0 |
       Dungeon |   1228 |   1166 |     62 |      0 |    971 |   2 |  614.0 |
               +--------+--------+--------+--------+--------+-----+--------+

Top non-repeatable levels by time:
     D:1: 993 daAuts
     D:2: 235 daAuts
